%YAML 1.1
%TAG !u! tag:unity3d.com,2011:
--- !u!29 &1
OcclusionCullingSettings:
  m_ObjectHideFlags: 0
  serializedVersion: 2
  m_OcclusionBakeSettings:
    smallestOccluder: 5
    smallestHole: 0.25
    backfaceThreshold: 100
  m_SceneGUID: 00000000000000000000000000000000
  m_OcclusionCullingData: {fileID: 0}
--- !u!104 &2
RenderSettings:
  m_ObjectHideFlags: 0
  serializedVersion: 9
  m_Fog: 0
  m_FogColor: {r: 0.5, g: 0.5, b: 0.5, a: 1}
  m_FogMode: 3
  m_FogDensity: 0.01
  m_LinearFogStart: 0
  m_LinearFogEnd: 300
  m_AmbientSkyColor: {r: 0.212, g: 0.227, b: 0.259, a: 1}
  m_AmbientEquatorColor: {r: 0.114, g: 0.125, b: 0.133, a: 1}
  m_AmbientGroundColor: {r: 0.047, g: 0.043, b: 0.035, a: 1}
  m_AmbientIntensity: 1
  m_AmbientMode: 0
  m_SubtractiveShadowColor: {r: 0.42, g: 0.478, b: 0.627, a: 1}
  m_SkyboxMaterial: {fileID: 10304, guid: 0000000000000000f000000000000000, type: 0}
  m_HaloStrength: 0.5
  m_FlareStrength: 1
  m_FlareFadeSpeed: 3
  m_HaloTexture: {fileID: 0}
  m_SpotCookie: {fileID: 10001, guid: 0000000000000000e000000000000000, type: 0}
  m_DefaultReflectionMode: 0
  m_DefaultReflectionResolution: 128
  m_ReflectionBounces: 1
  m_ReflectionIntensity: 1
  m_CustomReflection: {fileID: 0}
  m_Sun: {fileID: 0}
  m_IndirectSpecularColor: {r: 0, g: 0, b: 0, a: 1}
  m_UseRadianceAmbientProbe: 0
--- !u!157 &3
LightmapSettings:
  m_ObjectHideFlags: 0
  serializedVersion: 11
  m_GIWorkflowMode: 1
  m_GISettings:
    serializedVersion: 2
    m_BounceScale: 1
    m_IndirectOutputScale: 1
    m_AlbedoBoost: 1
    m_EnvironmentLightingMode: 0
    m_EnableBakedLightmaps: 1
    m_EnableRealtimeLightmaps: 0
  m_LightmapEditorSettings:
    serializedVersion: 12
    m_Resolution: 2
    m_BakeResolution: 40
    m_AtlasSize: 1024
    m_AO: 0
    m_AOMaxDistance: 1
    m_CompAOExponent: 1
    m_CompAOExponentDirect: 0
    m_ExtractAmbientOcclusion: 0
    m_Padding: 2
    m_LightmapParameters: {fileID: 0}
    m_LightmapsBakeMode: 1
    m_TextureCompression: 1
    m_FinalGather: 0
    m_FinalGatherFiltering: 1
    m_FinalGatherRayCount: 256
    m_ReflectionCompression: 2
    m_MixedBakeMode: 2
    m_BakeBackend: 1
    m_PVRSampling: 1
    m_PVRDirectSampleCount: 32
    m_PVRSampleCount: 512
    m_PVRBounces: 2
    m_PVREnvironmentSampleCount: 256
    m_PVREnvironmentReferencePointCount: 2048
    m_PVRFilteringMode: 1
    m_PVRDenoiserTypeDirect: 1
    m_PVRDenoiserTypeIndirect: 1
    m_PVRDenoiserTypeAO: 1
    m_PVRFilterTypeDirect: 0
    m_PVRFilterTypeIndirect: 0
    m_PVRFilterTypeAO: 0
    m_PVREnvironmentMIS: 1
    m_PVRCulling: 1
    m_PVRFilteringGaussRadiusDirect: 1
    m_PVRFilteringGaussRadiusIndirect: 5
    m_PVRFilteringGaussRadiusAO: 2
    m_PVRFilteringAtrousPositionSigmaDirect: 0.5
    m_PVRFilteringAtrousPositionSigmaIndirect: 2
    m_PVRFilteringAtrousPositionSigmaAO: 1
    m_ExportTrainingData: 0
    m_TrainingDataDestination: TrainingData
    m_LightProbeSampleCountMultiplier: 4
  m_LightingDataAsset: {fileID: 0}
  m_UseShadowmask: 1
--- !u!196 &4
NavMeshSettings:
  serializedVersion: 2
  m_ObjectHideFlags: 0
  m_BuildSettings:
    serializedVersion: 2
    agentTypeID: 0
    agentRadius: 0.5
    agentHeight: 2
    agentSlope: 45
    agentClimb: 0.4
    ledgeDropHeight: 0
    maxJumpAcrossDistance: 0
    minRegionArea: 2
    manualCellSize: 0
    cellSize: 0.16666667
    manualTileSize: 0
    tileSize: 256
    accuratePlacement: 0
    debug:
      m_Flags: 0
  m_NavMeshData: {fileID: 0}
--- !u!1001 &103523190
PrefabInstance:
  m_ObjectHideFlags: 0
  serializedVersion: 2
  m_Modification:
    m_TransformParent: {fileID: 0}
    m_Modifications:
    - target: {fileID: 1467628496961825428, guid: 58ea01330d076ec488f99a40dd7add0a,
        type: 3}
      propertyPath: levelID
      value: 12
      objectReference: {fileID: 0}
    - target: {fileID: 1467628496961825428, guid: 58ea01330d076ec488f99a40dd7add0a,
        type: 3}
      propertyPath: duckFor3Stars
      value: 2
      objectReference: {fileID: 0}
    - target: {fileID: 1467628496961825428, guid: 58ea01330d076ec488f99a40dd7add0a,
        type: 3}
      propertyPath: duckFor2Stars
      value: 1
      objectReference: {fileID: 0}
    - target: {fileID: 1537474074914745644, guid: 58ea01330d076ec488f99a40dd7add0a,
        type: 3}
      propertyPath: m_Name
      value: Ded
      objectReference: {fileID: 0}
    - target: {fileID: 1537474074914745651, guid: 58ea01330d076ec488f99a40dd7add0a,
        type: 3}
      propertyPath: m_LocalPosition.x
      value: -16.41
      objectReference: {fileID: 0}
    - target: {fileID: 1537474074914745651, guid: 58ea01330d076ec488f99a40dd7add0a,
        type: 3}
      propertyPath: m_LocalPosition.y
      value: -0.0006578895
      objectReference: {fileID: 0}
    - target: {fileID: 1537474074914745651, guid: 58ea01330d076ec488f99a40dd7add0a,
        type: 3}
      propertyPath: m_LocalPosition.z
      value: 1.18
      objectReference: {fileID: 0}
    - target: {fileID: 1537474074914745651, guid: 58ea01330d076ec488f99a40dd7add0a,
        type: 3}
      propertyPath: m_LocalRotation.x
      value: 0
      objectReference: {fileID: 0}
    - target: {fileID: 1537474074914745651, guid: 58ea01330d076ec488f99a40dd7add0a,
        type: 3}
      propertyPath: m_LocalRotation.y
      value: 0
      objectReference: {fileID: 0}
    - target: {fileID: 1537474074914745651, guid: 58ea01330d076ec488f99a40dd7add0a,
        type: 3}
      propertyPath: m_LocalRotation.z
      value: 0
      objectReference: {fileID: 0}
    - target: {fileID: 1537474074914745651, guid: 58ea01330d076ec488f99a40dd7add0a,
        type: 3}
      propertyPath: m_LocalRotation.w
      value: 1
      objectReference: {fileID: 0}
    - target: {fileID: 1537474074914745651, guid: 58ea01330d076ec488f99a40dd7add0a,
        type: 3}
      propertyPath: m_RootOrder
      value: 7
      objectReference: {fileID: 0}
    - target: {fileID: 1537474074914745651, guid: 58ea01330d076ec488f99a40dd7add0a,
        type: 3}
      propertyPath: m_LocalEulerAnglesHint.x
      value: 0
      objectReference: {fileID: 0}
    - target: {fileID: 1537474074914745651, guid: 58ea01330d076ec488f99a40dd7add0a,
        type: 3}
      propertyPath: m_LocalEulerAnglesHint.y
      value: 0
      objectReference: {fileID: 0}
    - target: {fileID: 1537474074914745651, guid: 58ea01330d076ec488f99a40dd7add0a,
        type: 3}
      propertyPath: m_LocalEulerAnglesHint.z
      value: 0
      objectReference: {fileID: 0}
    m_RemovedComponents: []
  m_SourcePrefab: {fileID: 100100000, guid: 58ea01330d076ec488f99a40dd7add0a, type: 3}
--- !u!1001 &122996081
PrefabInstance:
  m_ObjectHideFlags: 0
  serializedVersion: 2
  m_Modification:
    m_TransformParent: {fileID: 0}
    m_Modifications:
    - target: {fileID: 2501648274743404914, guid: 2a53eec5cea55ed4a941e5bdad2339a6,
        type: 3}
      propertyPath: m_LocalPosition.x
      value: -2.58
      objectReference: {fileID: 0}
    - target: {fileID: 2501648274743404914, guid: 2a53eec5cea55ed4a941e5bdad2339a6,
        type: 3}
      propertyPath: m_LocalPosition.y
      value: -0.004909934
      objectReference: {fileID: 0}
    - target: {fileID: 2501648274743404914, guid: 2a53eec5cea55ed4a941e5bdad2339a6,
        type: 3}
      propertyPath: m_LocalPosition.z
      value: 14.92
      objectReference: {fileID: 0}
    - target: {fileID: 2501648274743404914, guid: 2a53eec5cea55ed4a941e5bdad2339a6,
        type: 3}
      propertyPath: m_LocalRotation.x
      value: 0
      objectReference: {fileID: 0}
    - target: {fileID: 2501648274743404914, guid: 2a53eec5cea55ed4a941e5bdad2339a6,
        type: 3}
      propertyPath: m_LocalRotation.y
      value: 0.7072302
      objectReference: {fileID: 0}
    - target: {fileID: 2501648274743404914, guid: 2a53eec5cea55ed4a941e5bdad2339a6,
        type: 3}
      propertyPath: m_LocalRotation.z
      value: 0.7069834
      objectReference: {fileID: 0}
    - target: {fileID: 2501648274743404914, guid: 2a53eec5cea55ed4a941e5bdad2339a6,
        type: 3}
      propertyPath: m_LocalRotation.w
      value: 0
      objectReference: {fileID: 0}
    - target: {fileID: 2501648274743404914, guid: 2a53eec5cea55ed4a941e5bdad2339a6,
        type: 3}
      propertyPath: m_RootOrder
      value: 8
      objectReference: {fileID: 0}
    - target: {fileID: 2501648274743404914, guid: 2a53eec5cea55ed4a941e5bdad2339a6,
        type: 3}
      propertyPath: m_LocalEulerAnglesHint.x
      value: -89.98
      objectReference: {fileID: 0}
    - target: {fileID: 2501648274743404914, guid: 2a53eec5cea55ed4a941e5bdad2339a6,
        type: 3}
      propertyPath: m_LocalEulerAnglesHint.y
      value: 180
      objectReference: {fileID: 0}
    - target: {fileID: 2501648274743404914, guid: 2a53eec5cea55ed4a941e5bdad2339a6,
        type: 3}
      propertyPath: m_LocalEulerAnglesHint.z
      value: 0
      objectReference: {fileID: 0}
    - target: {fileID: 2501648275621246493, guid: 2a53eec5cea55ed4a941e5bdad2339a6,
        type: 3}
      propertyPath: m_Name
      value: BedPrefab
      objectReference: {fileID: 0}
    m_RemovedComponents: []
  m_SourcePrefab: {fileID: 100100000, guid: 2a53eec5cea55ed4a941e5bdad2339a6, type: 3}
--- !u!1 &182902207 stripped
GameObject:
  m_CorrespondingSourceObject: {fileID: 3913404896357518336, guid: f0f503202954f1344b06fc661f1c4a75,
    type: 3}
  m_PrefabInstance: {fileID: 1712090267}
  m_PrefabAsset: {fileID: 0}
--- !u!114 &182902209
MonoBehaviour:
  m_ObjectHideFlags: 0
  m_CorrespondingSourceObject: {fileID: 0}
  m_PrefabInstance: {fileID: 0}
  m_PrefabAsset: {fileID: 0}
  m_GameObject: {fileID: 182902207}
  m_Enabled: 1
  m_EditorHideFlags: 0
  m_Script: {fileID: 11500000, guid: b5fbdc344fa736d44b759f75adef2028, type: 3}
  m_Name: 
  m_EditorClassIdentifier: 
--- !u!114 &182902210
MonoBehaviour:
  m_ObjectHideFlags: 0
  m_CorrespondingSourceObject: {fileID: 0}
  m_PrefabInstance: {fileID: 0}
  m_PrefabAsset: {fileID: 0}
  m_GameObject: {fileID: 182902207}
  m_Enabled: 1
  m_EditorHideFlags: 0
  m_Script: {fileID: 11500000, guid: bceef544f78fdae46b9de524ae888770, type: 3}
  m_Name: 
  m_EditorClassIdentifier: 
  ColliderPool: []
  GlobalKey: 0
  LocalKey1: 1
  LocalKey2: 2
  LocalKey3: 0
  isPillar: 0
  SetScale: {x: 0, y: 0, z: 0}
  StartScale: {x: 0, y: 0, z: 0}
  SpeedLerp: 7
--- !u!1001 &269743902
PrefabInstance:
  m_ObjectHideFlags: 0
  serializedVersion: 2
  m_Modification:
    m_TransformParent: {fileID: 0}
    m_Modifications:
    - target: {fileID: 6575076082621081995, guid: 614f9f78fdc33c2429b24b1c7c2e1c6c,
        type: 3}
      propertyPath: m_Name
      value: GameplayCanvas (1)
      objectReference: {fileID: 0}
    - target: {fileID: 6575076082621081999, guid: 614f9f78fdc33c2429b24b1c7c2e1c6c,
        type: 3}
      propertyPath: m_LocalPosition.x
      value: 0
      objectReference: {fileID: 0}
    - target: {fileID: 6575076082621081999, guid: 614f9f78fdc33c2429b24b1c7c2e1c6c,
        type: 3}
      propertyPath: m_LocalPosition.y
      value: 0
      objectReference: {fileID: 0}
    - target: {fileID: 6575076082621081999, guid: 614f9f78fdc33c2429b24b1c7c2e1c6c,
        type: 3}
      propertyPath: m_LocalPosition.z
      value: 0
      objectReference: {fileID: 0}
    - target: {fileID: 6575076082621081999, guid: 614f9f78fdc33c2429b24b1c7c2e1c6c,
        type: 3}
      propertyPath: m_LocalRotation.x
      value: 0
      objectReference: {fileID: 0}
    - target: {fileID: 6575076082621081999, guid: 614f9f78fdc33c2429b24b1c7c2e1c6c,
        type: 3}
      propertyPath: m_LocalRotation.y
      value: 0
      objectReference: {fileID: 0}
    - target: {fileID: 6575076082621081999, guid: 614f9f78fdc33c2429b24b1c7c2e1c6c,
        type: 3}
      propertyPath: m_LocalRotation.z
      value: 0
      objectReference: {fileID: 0}
    - target: {fileID: 6575076082621081999, guid: 614f9f78fdc33c2429b24b1c7c2e1c6c,
        type: 3}
      propertyPath: m_LocalRotation.w
      value: 1
      objectReference: {fileID: 0}
    - target: {fileID: 6575076082621081999, guid: 614f9f78fdc33c2429b24b1c7c2e1c6c,
        type: 3}
      propertyPath: m_RootOrder
      value: 19
      objectReference: {fileID: 0}
    - target: {fileID: 6575076082621081999, guid: 614f9f78fdc33c2429b24b1c7c2e1c6c,
        type: 3}
      propertyPath: m_LocalEulerAnglesHint.x
      value: 0
      objectReference: {fileID: 0}
    - target: {fileID: 6575076082621081999, guid: 614f9f78fdc33c2429b24b1c7c2e1c6c,
        type: 3}
      propertyPath: m_LocalEulerAnglesHint.y
      value: 0
      objectReference: {fileID: 0}
    - target: {fileID: 6575076082621081999, guid: 614f9f78fdc33c2429b24b1c7c2e1c6c,
        type: 3}
      propertyPath: m_LocalEulerAnglesHint.z
      value: 0
      objectReference: {fileID: 0}
    - target: {fileID: 6575076082621081999, guid: 614f9f78fdc33c2429b24b1c7c2e1c6c,
        type: 3}
      propertyPath: m_AnchoredPosition.x
      value: 0
      objectReference: {fileID: 0}
    - target: {fileID: 6575076082621081999, guid: 614f9f78fdc33c2429b24b1c7c2e1c6c,
        type: 3}
      propertyPath: m_AnchoredPosition.y
      value: 0
      objectReference: {fileID: 0}
    - target: {fileID: 6575076082621081999, guid: 614f9f78fdc33c2429b24b1c7c2e1c6c,
        type: 3}
      propertyPath: m_SizeDelta.x
      value: 0
      objectReference: {fileID: 0}
    - target: {fileID: 6575076082621081999, guid: 614f9f78fdc33c2429b24b1c7c2e1c6c,
        type: 3}
      propertyPath: m_SizeDelta.y
      value: 0
      objectReference: {fileID: 0}
    - target: {fileID: 6575076082621081999, guid: 614f9f78fdc33c2429b24b1c7c2e1c6c,
        type: 3}
      propertyPath: m_AnchorMin.x
      value: 0
      objectReference: {fileID: 0}
    - target: {fileID: 6575076082621081999, guid: 614f9f78fdc33c2429b24b1c7c2e1c6c,
        type: 3}
      propertyPath: m_AnchorMin.y
      value: 0
      objectReference: {fileID: 0}
    - target: {fileID: 6575076082621081999, guid: 614f9f78fdc33c2429b24b1c7c2e1c6c,
        type: 3}
      propertyPath: m_AnchorMax.x
      value: 0
      objectReference: {fileID: 0}
    - target: {fileID: 6575076082621081999, guid: 614f9f78fdc33c2429b24b1c7c2e1c6c,
        type: 3}
      propertyPath: m_AnchorMax.y
      value: 0
      objectReference: {fileID: 0}
    - target: {fileID: 6575076082621081999, guid: 614f9f78fdc33c2429b24b1c7c2e1c6c,
        type: 3}
      propertyPath: m_Pivot.x
      value: 0
      objectReference: {fileID: 0}
    - target: {fileID: 6575076082621081999, guid: 614f9f78fdc33c2429b24b1c7c2e1c6c,
        type: 3}
      propertyPath: m_Pivot.y
      value: 0
      objectReference: {fileID: 0}
    m_RemovedComponents: []
  m_SourcePrefab: {fileID: 100100000, guid: 614f9f78fdc33c2429b24b1c7c2e1c6c, type: 3}
--- !u!1 &313620625
GameObject:
  m_ObjectHideFlags: 0
  m_CorrespondingSourceObject: {fileID: 0}
  m_PrefabInstance: {fileID: 0}
  m_PrefabAsset: {fileID: 0}
  serializedVersion: 6
  m_Component:
  - component: {fileID: 313620628}
  - component: {fileID: 313620627}
  - component: {fileID: 313620626}
  m_Layer: 0
  m_Name: EventSystem
  m_TagString: Untagged
  m_Icon: {fileID: 0}
  m_NavMeshLayer: 0
  m_StaticEditorFlags: 0
  m_IsActive: 1
--- !u!114 &313620626
MonoBehaviour:
  m_ObjectHideFlags: 0
  m_CorrespondingSourceObject: {fileID: 0}
  m_PrefabInstance: {fileID: 0}
  m_PrefabAsset: {fileID: 0}
  m_GameObject: {fileID: 313620625}
  m_Enabled: 1
  m_EditorHideFlags: 0
  m_Script: {fileID: 11500000, guid: 4f231c4fb786f3946a6b90b886c48677, type: 3}
  m_Name: 
  m_EditorClassIdentifier: 
  m_HorizontalAxis: Horizontal
  m_VerticalAxis: Vertical
  m_SubmitButton: Submit
  m_CancelButton: Cancel
  m_InputActionsPerSecond: 10
  m_RepeatDelay: 0.5
  m_ForceModuleActive: 0
--- !u!114 &313620627
MonoBehaviour:
  m_ObjectHideFlags: 0
  m_CorrespondingSourceObject: {fileID: 0}
  m_PrefabInstance: {fileID: 0}
  m_PrefabAsset: {fileID: 0}
  m_GameObject: {fileID: 313620625}
  m_Enabled: 1
  m_EditorHideFlags: 0
  m_Script: {fileID: 11500000, guid: 76c392e42b5098c458856cdf6ecaaaa1, type: 3}
  m_Name: 
  m_EditorClassIdentifier: 
  m_FirstSelected: {fileID: 0}
  m_sendNavigationEvents: 1
  m_DragThreshold: 10
--- !u!4 &313620628
Transform:
  m_ObjectHideFlags: 0
  m_CorrespondingSourceObject: {fileID: 0}
  m_PrefabInstance: {fileID: 0}
  m_PrefabAsset: {fileID: 0}
  m_GameObject: {fileID: 313620625}
  m_LocalRotation: {x: 0, y: 0, z: 0, w: 1}
  m_LocalPosition: {x: 0, y: 0, z: 0}
  m_LocalScale: {x: 1, y: 1, z: 1}
  m_Children: []
  m_Father: {fileID: 0}
  m_RootOrder: 16
  m_LocalEulerAnglesHint: {x: 0, y: 0, z: 0}
--- !u!1001 &439423938
PrefabInstance:
  m_ObjectHideFlags: 0
  serializedVersion: 2
  m_Modification:
    m_TransformParent: {fileID: 0}
    m_Modifications:
    - target: {fileID: 1275986412046152337, guid: d975dc8f0b444e84cb3d61e84a6c3638,
        type: 3}
      propertyPath: m_Name
      value: cardboard box
      objectReference: {fileID: 0}
    - target: {fileID: 2877359504480698498, guid: d975dc8f0b444e84cb3d61e84a6c3638,
        type: 3}
      propertyPath: m_LocalPosition.x
      value: -7.049881
      objectReference: {fileID: 0}
    - target: {fileID: 2877359504480698498, guid: d975dc8f0b444e84cb3d61e84a6c3638,
        type: 3}
      propertyPath: m_LocalPosition.y
      value: -0.007477721
      objectReference: {fileID: 0}
    - target: {fileID: 2877359504480698498, guid: d975dc8f0b444e84cb3d61e84a6c3638,
        type: 3}
      propertyPath: m_LocalPosition.z
      value: 8.098813
      objectReference: {fileID: 0}
    - target: {fileID: 2877359504480698498, guid: d975dc8f0b444e84cb3d61e84a6c3638,
        type: 3}
      propertyPath: m_LocalRotation.x
      value: -0.7071068
      objectReference: {fileID: 0}
    - target: {fileID: 2877359504480698498, guid: d975dc8f0b444e84cb3d61e84a6c3638,
        type: 3}
      propertyPath: m_LocalRotation.y
      value: 0
      objectReference: {fileID: 0}
    - target: {fileID: 2877359504480698498, guid: d975dc8f0b444e84cb3d61e84a6c3638,
        type: 3}
      propertyPath: m_LocalRotation.z
      value: -0
      objectReference: {fileID: 0}
    - target: {fileID: 2877359504480698498, guid: d975dc8f0b444e84cb3d61e84a6c3638,
        type: 3}
      propertyPath: m_LocalRotation.w
      value: 0.7071067
      objectReference: {fileID: 0}
    - target: {fileID: 2877359504480698498, guid: d975dc8f0b444e84cb3d61e84a6c3638,
        type: 3}
      propertyPath: m_RootOrder
      value: 5
      objectReference: {fileID: 0}
    - target: {fileID: 2877359504480698498, guid: d975dc8f0b444e84cb3d61e84a6c3638,
        type: 3}
      propertyPath: m_LocalEulerAnglesHint.x
      value: 0
      objectReference: {fileID: 0}
    - target: {fileID: 2877359504480698498, guid: d975dc8f0b444e84cb3d61e84a6c3638,
        type: 3}
      propertyPath: m_LocalEulerAnglesHint.y
      value: 0
      objectReference: {fileID: 0}
    - target: {fileID: 2877359504480698498, guid: d975dc8f0b444e84cb3d61e84a6c3638,
        type: 3}
      propertyPath: m_LocalEulerAnglesHint.z
      value: 0
      objectReference: {fileID: 0}
    m_RemovedComponents: []
  m_SourcePrefab: {fileID: 100100000, guid: d975dc8f0b444e84cb3d61e84a6c3638, type: 3}
--- !u!1001 &614082856
PrefabInstance:
  m_ObjectHideFlags: 0
  serializedVersion: 2
  m_Modification:
    m_TransformParent: {fileID: 0}
    m_Modifications:
    - target: {fileID: 6062805429141483072, guid: 03f55ff8009f26341905cc17eea20470,
        type: 3}
      propertyPath: m_LocalPosition.x
      value: -16.65
      objectReference: {fileID: 0}
    - target: {fileID: 6062805429141483072, guid: 03f55ff8009f26341905cc17eea20470,
        type: 3}
      propertyPath: m_LocalPosition.y
      value: -0.0059525967
      objectReference: {fileID: 0}
    - target: {fileID: 6062805429141483072, guid: 03f55ff8009f26341905cc17eea20470,
        type: 3}
      propertyPath: m_LocalPosition.z
      value: 10.29
      objectReference: {fileID: 0}
    - target: {fileID: 6062805429141483072, guid: 03f55ff8009f26341905cc17eea20470,
        type: 3}
      propertyPath: m_LocalRotation.x
      value: 0
      objectReference: {fileID: 0}
    - target: {fileID: 6062805429141483072, guid: 03f55ff8009f26341905cc17eea20470,
        type: 3}
      propertyPath: m_LocalRotation.y
      value: 0.7071068
      objectReference: {fileID: 0}
    - target: {fileID: 6062805429141483072, guid: 03f55ff8009f26341905cc17eea20470,
        type: 3}
      propertyPath: m_LocalRotation.z
      value: 0.7071068
      objectReference: {fileID: 0}
    - target: {fileID: 6062805429141483072, guid: 03f55ff8009f26341905cc17eea20470,
        type: 3}
      propertyPath: m_LocalRotation.w
      value: 0
      objectReference: {fileID: 0}
    - target: {fileID: 6062805429141483072, guid: 03f55ff8009f26341905cc17eea20470,
        type: 3}
      propertyPath: m_RootOrder
      value: 4
      objectReference: {fileID: 0}
    - target: {fileID: 6062805429141483072, guid: 03f55ff8009f26341905cc17eea20470,
        type: 3}
      propertyPath: m_LocalEulerAnglesHint.x
      value: -90.00001
      objectReference: {fileID: 0}
    - target: {fileID: 6062805429141483072, guid: 03f55ff8009f26341905cc17eea20470,
        type: 3}
      propertyPath: m_LocalEulerAnglesHint.y
      value: 0
      objectReference: {fileID: 0}
    - target: {fileID: 6062805429141483072, guid: 03f55ff8009f26341905cc17eea20470,
        type: 3}
      propertyPath: m_LocalEulerAnglesHint.z
      value: 180
      objectReference: {fileID: 0}
    - target: {fileID: 7095474756230536275, guid: 03f55ff8009f26341905cc17eea20470,
        type: 3}
      propertyPath: m_Name
      value: closet
      objectReference: {fileID: 0}
    m_RemovedComponents: []
  m_SourcePrefab: {fileID: 100100000, guid: 03f55ff8009f26341905cc17eea20470, type: 3}
--- !u!1 &629672805 stripped
GameObject:
  m_CorrespondingSourceObject: {fileID: 2583531011011978398, guid: f0f503202954f1344b06fc661f1c4a75,
    type: 3}
  m_PrefabInstance: {fileID: 1569006944}
  m_PrefabAsset: {fileID: 0}
--- !u!114 &629672807
MonoBehaviour:
  m_ObjectHideFlags: 0
  m_CorrespondingSourceObject: {fileID: 0}
  m_PrefabInstance: {fileID: 0}
  m_PrefabAsset: {fileID: 0}
  m_GameObject: {fileID: 629672805}
  m_Enabled: 1
  m_EditorHideFlags: 0
  m_Script: {fileID: 11500000, guid: b5fbdc344fa736d44b759f75adef2028, type: 3}
  m_Name: 
  m_EditorClassIdentifier: 
--- !u!114 &629672808
MonoBehaviour:
  m_ObjectHideFlags: 0
  m_CorrespondingSourceObject: {fileID: 0}
  m_PrefabInstance: {fileID: 0}
  m_PrefabAsset: {fileID: 0}
  m_GameObject: {fileID: 629672805}
  m_Enabled: 1
  m_EditorHideFlags: 0
  m_Script: {fileID: 11500000, guid: bceef544f78fdae46b9de524ae888770, type: 3}
  m_Name: 
  m_EditorClassIdentifier: 
  ColliderPool: []
  GlobalKey: 0
  LocalKey1: 0
  LocalKey2: 3
  LocalKey3: 0
  isPillar: 0
  SetScale: {x: 0, y: 0, z: 0}
  StartScale: {x: 0, y: 0, z: 0}
  SpeedLerp: 7
--- !u!1001 &907489680
PrefabInstance:
  m_ObjectHideFlags: 0
  serializedVersion: 2
  m_Modification:
    m_TransformParent: {fileID: 0}
    m_Modifications:
    - target: {fileID: 5749191854587411, guid: f0f503202954f1344b06fc661f1c4a75, type: 3}
      propertyPath: m_LocalPosition.x
      value: 10.51
      objectReference: {fileID: 0}
    - target: {fileID: 1549750768218003085, guid: f0f503202954f1344b06fc661f1c4a75,
        type: 3}
      propertyPath: m_LocalPosition.x
      value: -6.97
      objectReference: {fileID: 0}
    - target: {fileID: 2073258743114456501, guid: f0f503202954f1344b06fc661f1c4a75,
        type: 3}
      propertyPath: m_Name
      value: Trap (1)
      objectReference: {fileID: 0}
    - target: {fileID: 2268088818535811279, guid: f0f503202954f1344b06fc661f1c4a75,
        type: 3}
      propertyPath: m_LocalScale.x
      value: 472.4
      objectReference: {fileID: 0}
    - target: {fileID: 2268088818535811279, guid: f0f503202954f1344b06fc661f1c4a75,
        type: 3}
      propertyPath: m_LocalPosition.x
      value: -6.96
      objectReference: {fileID: 0}
    - target: {fileID: 6738248727049410633, guid: f0f503202954f1344b06fc661f1c4a75,
        type: 3}
      propertyPath: m_Size.x
      value: 18.4
      objectReference: {fileID: 0}
    - target: {fileID: 6738248727049410633, guid: f0f503202954f1344b06fc661f1c4a75,
        type: 3}
      propertyPath: m_Center.x
      value: 1.61
      objectReference: {fileID: 0}
    - target: {fileID: 8424869221566341101, guid: f0f503202954f1344b06fc661f1c4a75,
        type: 3}
      propertyPath: m_LocalPosition.x
      value: -13
      objectReference: {fileID: 0}
    - target: {fileID: 8424869221566341101, guid: f0f503202954f1344b06fc661f1c4a75,
        type: 3}
      propertyPath: m_LocalPosition.y
      value: 1.93
      objectReference: {fileID: 0}
    - target: {fileID: 8424869221566341101, guid: f0f503202954f1344b06fc661f1c4a75,
        type: 3}
      propertyPath: m_LocalPosition.z
      value: 10.71
      objectReference: {fileID: 0}
    - target: {fileID: 8424869221566341101, guid: f0f503202954f1344b06fc661f1c4a75,
        type: 3}
      propertyPath: m_LocalRotation.x
      value: 0
      objectReference: {fileID: 0}
    - target: {fileID: 8424869221566341101, guid: f0f503202954f1344b06fc661f1c4a75,
        type: 3}
      propertyPath: m_LocalRotation.y
      value: 0.7071068
      objectReference: {fileID: 0}
    - target: {fileID: 8424869221566341101, guid: f0f503202954f1344b06fc661f1c4a75,
        type: 3}
      propertyPath: m_LocalRotation.z
      value: 0
      objectReference: {fileID: 0}
    - target: {fileID: 8424869221566341101, guid: f0f503202954f1344b06fc661f1c4a75,
        type: 3}
      propertyPath: m_LocalRotation.w
      value: 0.7071068
      objectReference: {fileID: 0}
    - target: {fileID: 8424869221566341101, guid: f0f503202954f1344b06fc661f1c4a75,
        type: 3}
      propertyPath: m_RootOrder
      value: 12
      objectReference: {fileID: 0}
    - target: {fileID: 8424869221566341101, guid: f0f503202954f1344b06fc661f1c4a75,
        type: 3}
      propertyPath: m_LocalEulerAnglesHint.x
      value: 0
      objectReference: {fileID: 0}
    - target: {fileID: 8424869221566341101, guid: f0f503202954f1344b06fc661f1c4a75,
        type: 3}
      propertyPath: m_LocalEulerAnglesHint.y
      value: 90
      objectReference: {fileID: 0}
    - target: {fileID: 8424869221566341101, guid: f0f503202954f1344b06fc661f1c4a75,
        type: 3}
      propertyPath: m_LocalEulerAnglesHint.z
      value: 0
      objectReference: {fileID: 0}
    m_RemovedComponents: []
  m_SourcePrefab: {fileID: 100100000, guid: f0f503202954f1344b06fc661f1c4a75, type: 3}
--- !u!1 &907489681 stripped
GameObject:
  m_CorrespondingSourceObject: {fileID: 2583531011011978398, guid: f0f503202954f1344b06fc661f1c4a75,
    type: 3}
  m_PrefabInstance: {fileID: 907489680}
  m_PrefabAsset: {fileID: 0}
--- !u!1 &907489682 stripped
GameObject:
  m_CorrespondingSourceObject: {fileID: 3913404896357518336, guid: f0f503202954f1344b06fc661f1c4a75,
    type: 3}
  m_PrefabInstance: {fileID: 907489680}
  m_PrefabAsset: {fileID: 0}
--- !u!114 &907489683
MonoBehaviour:
  m_ObjectHideFlags: 0
  m_CorrespondingSourceObject: {fileID: 0}
  m_PrefabInstance: {fileID: 0}
  m_PrefabAsset: {fileID: 0}
  m_GameObject: {fileID: 907489681}
  m_Enabled: 1
  m_EditorHideFlags: 0
  m_Script: {fileID: 11500000, guid: b5fbdc344fa736d44b759f75adef2028, type: 3}
  m_Name: 
  m_EditorClassIdentifier: 
--- !u!114 &907489684
MonoBehaviour:
  m_ObjectHideFlags: 0
  m_CorrespondingSourceObject: {fileID: 0}
  m_PrefabInstance: {fileID: 0}
  m_PrefabAsset: {fileID: 0}
  m_GameObject: {fileID: 907489682}
  m_Enabled: 1
  m_EditorHideFlags: 0
  m_Script: {fileID: 11500000, guid: b5fbdc344fa736d44b759f75adef2028, type: 3}
  m_Name: 
  m_EditorClassIdentifier: 
--- !u!114 &907489686
MonoBehaviour:
  m_ObjectHideFlags: 0
  m_CorrespondingSourceObject: {fileID: 0}
  m_PrefabInstance: {fileID: 0}
  m_PrefabAsset: {fileID: 0}
  m_GameObject: {fileID: 907489681}
  m_Enabled: 1
  m_EditorHideFlags: 0
  m_Script: {fileID: 11500000, guid: bceef544f78fdae46b9de524ae888770, type: 3}
  m_Name: 
  m_EditorClassIdentifier: 
  ColliderPool: []
  GlobalKey: 0
  LocalKey1: 2
  LocalKey2: 3
  LocalKey3: 0
  isPillar: 0
  SetScale: {x: 0, y: 0, z: 0}
  StartScale: {x: 0, y: 0, z: 0}
  SpeedLerp: 7
--- !u!114 &907489692
MonoBehaviour:
  m_ObjectHideFlags: 0
  m_CorrespondingSourceObject: {fileID: 0}
  m_PrefabInstance: {fileID: 0}
  m_PrefabAsset: {fileID: 0}
  m_GameObject: {fileID: 907489682}
  m_Enabled: 1
  m_EditorHideFlags: 0
  m_Script: {fileID: 11500000, guid: bceef544f78fdae46b9de524ae888770, type: 3}
  m_Name: 
  m_EditorClassIdentifier: 
  ColliderPool: []
  GlobalKey: 0
  LocalKey1: 0
  LocalKey2: 1
  LocalKey3: 0
  isPillar: 0
  SetScale: {x: 0, y: 0, z: 0}
  StartScale: {x: 0, y: 0, z: 0}
  SpeedLerp: 7
--- !u!1 &975068796 stripped
GameObject:
  m_CorrespondingSourceObject: {fileID: 2583531011011978398, guid: f0f503202954f1344b06fc661f1c4a75,
    type: 3}
  m_PrefabInstance: {fileID: 1712090267}
  m_PrefabAsset: {fileID: 0}
--- !u!114 &975068798
MonoBehaviour:
  m_ObjectHideFlags: 0
  m_CorrespondingSourceObject: {fileID: 0}
  m_PrefabInstance: {fileID: 0}
  m_PrefabAsset: {fileID: 0}
  m_GameObject: {fileID: 975068796}
  m_Enabled: 1
  m_EditorHideFlags: 0
  m_Script: {fileID: 11500000, guid: b5fbdc344fa736d44b759f75adef2028, type: 3}
  m_Name: 
  m_EditorClassIdentifier: 
--- !u!114 &975068799
MonoBehaviour:
  m_ObjectHideFlags: 0
  m_CorrespondingSourceObject: {fileID: 0}
  m_PrefabInstance: {fileID: 0}
  m_PrefabAsset: {fileID: 0}
  m_GameObject: {fileID: 975068796}
  m_Enabled: 1
  m_EditorHideFlags: 0
  m_Script: {fileID: 11500000, guid: bceef544f78fdae46b9de524ae888770, type: 3}
  m_Name: 
  m_EditorClassIdentifier: 
  ColliderPool: []
  GlobalKey: 0
  LocalKey1: 0
  LocalKey2: 3
  LocalKey3: 0
  isPillar: 0
  SetScale: {x: 0, y: 0, z: 0}
  StartScale: {x: 0, y: 0, z: 0}
  SpeedLerp: 7
--- !u!1 &999513701 stripped
GameObject:
  m_CorrespondingSourceObject: {fileID: 3913404896357518336, guid: f0f503202954f1344b06fc661f1c4a75,
    type: 3}
  m_PrefabInstance: {fileID: 1803421001}
  m_PrefabAsset: {fileID: 0}
--- !u!114 &999513703
MonoBehaviour:
  m_ObjectHideFlags: 0
  m_CorrespondingSourceObject: {fileID: 0}
  m_PrefabInstance: {fileID: 0}
  m_PrefabAsset: {fileID: 0}
  m_GameObject: {fileID: 999513701}
  m_Enabled: 1
  m_EditorHideFlags: 0
  m_Script: {fileID: 11500000, guid: b5fbdc344fa736d44b759f75adef2028, type: 3}
  m_Name: 
  m_EditorClassIdentifier: 
--- !u!114 &999513704
MonoBehaviour:
  m_ObjectHideFlags: 0
  m_CorrespondingSourceObject: {fileID: 0}
  m_PrefabInstance: {fileID: 0}
  m_PrefabAsset: {fileID: 0}
  m_GameObject: {fileID: 999513701}
  m_Enabled: 1
  m_EditorHideFlags: 0
  m_Script: {fileID: 11500000, guid: bceef544f78fdae46b9de524ae888770, type: 3}
  m_Name: 
  m_EditorClassIdentifier: 
  ColliderPool: []
  GlobalKey: 0
  LocalKey1: 0
  LocalKey2: 1
  LocalKey3: 0
  isPillar: 0
  SetScale: {x: 0, y: 0, z: 0}
  StartScale: {x: 0, y: 0, z: 0}
  SpeedLerp: 7
--- !u!1 &1155516290
GameObject:
  m_ObjectHideFlags: 0
  m_CorrespondingSourceObject: {fileID: 0}
  m_PrefabInstance: {fileID: 0}
  m_PrefabAsset: {fileID: 0}
  serializedVersion: 6
  m_Component:
  - component: {fileID: 1155516292}
  - component: {fileID: 1155516291}
  m_Layer: 0
  m_Name: Directional Light
  m_TagString: Untagged
  m_Icon: {fileID: 0}
  m_NavMeshLayer: 0
  m_StaticEditorFlags: 0
  m_IsActive: 1
--- !u!108 &1155516291
Light:
  m_ObjectHideFlags: 0
  m_CorrespondingSourceObject: {fileID: 0}
  m_PrefabInstance: {fileID: 0}
  m_PrefabAsset: {fileID: 0}
  m_GameObject: {fileID: 1155516290}
  m_Enabled: 1
  serializedVersion: 10
  m_Type: 1
  m_Shape: 0
  m_Color: {r: 1, g: 0.95686275, b: 0.8392157, a: 1}
  m_Intensity: 1
  m_Range: 10
  m_SpotAngle: 30
  m_InnerSpotAngle: 21.80208
  m_CookieSize: 10
  m_Shadows:
    m_Type: 2
    m_Resolution: -1
    m_CustomResolution: -1
    m_Strength: 1
    m_Bias: 0.05
    m_NormalBias: 0.4
    m_NearPlane: 0.2
    m_CullingMatrixOverride:
      e00: 1
      e01: 0
      e02: 0
      e03: 0
      e10: 0
      e11: 1
      e12: 0
      e13: 0
      e20: 0
      e21: 0
      e22: 1
      e23: 0
      e30: 0
      e31: 0
      e32: 0
      e33: 1
    m_UseCullingMatrixOverride: 0
  m_Cookie: {fileID: 0}
  m_DrawHalo: 0
  m_Flare: {fileID: 0}
  m_RenderMode: 0
  m_CullingMask:
    serializedVersion: 2
    m_Bits: 4294967295
  m_RenderingLayerMask: 1
  m_Lightmapping: 4
  m_LightShadowCasterMode: 0
  m_AreaSize: {x: 1, y: 1}
  m_BounceIntensity: 1
  m_ColorTemperature: 6570
  m_UseColorTemperature: 0
  m_BoundingSphereOverride: {x: 0, y: 0, z: 0, w: 0}
  m_UseBoundingSphereOverride: 0
  m_ShadowRadius: 0
  m_ShadowAngle: 0
--- !u!4 &1155516292
Transform:
  m_ObjectHideFlags: 0
  m_CorrespondingSourceObject: {fileID: 0}
  m_PrefabInstance: {fileID: 0}
  m_PrefabAsset: {fileID: 0}
  m_GameObject: {fileID: 1155516290}
  m_LocalRotation: {x: 0.40821788, y: -0.23456968, z: 0.10938163, w: 0.8754261}
  m_LocalPosition: {x: 0, y: 3, z: 0}
  m_LocalScale: {x: 1, y: 1, z: 1}
  m_Children: []
  m_Father: {fileID: 0}
  m_RootOrder: 0
  m_LocalEulerAnglesHint: {x: 50, y: -30, z: 0}
--- !u!1001 &1250415303
PrefabInstance:
  m_ObjectHideFlags: 0
  serializedVersion: 2
  m_Modification:
    m_TransformParent: {fileID: 0}
    m_Modifications:
    - target: {fileID: 5463141001694896930, guid: 5bdc8db5d963bd245bda27e214d8c9e6,
        type: 3}
      propertyPath: m_Name
      value: pot_01
      objectReference: {fileID: 0}
    - target: {fileID: 9046500280580149553, guid: 5bdc8db5d963bd245bda27e214d8c9e6,
        type: 3}
      propertyPath: m_LocalPosition.x
      value: -7.4461975
      objectReference: {fileID: 0}
    - target: {fileID: 9046500280580149553, guid: 5bdc8db5d963bd245bda27e214d8c9e6,
        type: 3}
      propertyPath: m_LocalPosition.y
      value: 2.234
      objectReference: {fileID: 0}
    - target: {fileID: 9046500280580149553, guid: 5bdc8db5d963bd245bda27e214d8c9e6,
        type: 3}
      propertyPath: m_LocalPosition.z
      value: 8.233716
      objectReference: {fileID: 0}
    - target: {fileID: 9046500280580149553, guid: 5bdc8db5d963bd245bda27e214d8c9e6,
        type: 3}
      propertyPath: m_LocalRotation.x
      value: -0.7071068
      objectReference: {fileID: 0}
    - target: {fileID: 9046500280580149553, guid: 5bdc8db5d963bd245bda27e214d8c9e6,
        type: 3}
      propertyPath: m_LocalRotation.y
      value: 0
      objectReference: {fileID: 0}
    - target: {fileID: 9046500280580149553, guid: 5bdc8db5d963bd245bda27e214d8c9e6,
        type: 3}
      propertyPath: m_LocalRotation.z
      value: -0
      objectReference: {fileID: 0}
    - target: {fileID: 9046500280580149553, guid: 5bdc8db5d963bd245bda27e214d8c9e6,
        type: 3}
      propertyPath: m_LocalRotation.w
      value: 0.7071067
      objectReference: {fileID: 0}
    - target: {fileID: 9046500280580149553, guid: 5bdc8db5d963bd245bda27e214d8c9e6,
        type: 3}
      propertyPath: m_RootOrder
      value: 2
      objectReference: {fileID: 0}
    - target: {fileID: 9046500280580149553, guid: 5bdc8db5d963bd245bda27e214d8c9e6,
        type: 3}
      propertyPath: m_LocalEulerAnglesHint.x
      value: 0
      objectReference: {fileID: 0}
    - target: {fileID: 9046500280580149553, guid: 5bdc8db5d963bd245bda27e214d8c9e6,
        type: 3}
      propertyPath: m_LocalEulerAnglesHint.y
      value: 0
      objectReference: {fileID: 0}
    - target: {fileID: 9046500280580149553, guid: 5bdc8db5d963bd245bda27e214d8c9e6,
        type: 3}
      propertyPath: m_LocalEulerAnglesHint.z
      value: 0
      objectReference: {fileID: 0}
    m_RemovedComponents: []
  m_SourcePrefab: {fileID: 100100000, guid: 5bdc8db5d963bd245bda27e214d8c9e6, type: 3}
--- !u!1001 &1278968457
PrefabInstance:
  m_ObjectHideFlags: 0
  serializedVersion: 2
  m_Modification:
    m_TransformParent: {fileID: 0}
    m_Modifications:
    - target: {fileID: 351597002865666258, guid: 8ef36a95f20ff7a419665d17f707f097,
        type: 3}
      propertyPath: m_Name
      value: pot_02
      objectReference: {fileID: 0}
    - target: {fileID: 3655311307926706881, guid: 8ef36a95f20ff7a419665d17f707f097,
        type: 3}
      propertyPath: m_LocalPosition.x
      value: -6.861197
      objectReference: {fileID: 0}
    - target: {fileID: 3655311307926706881, guid: 8ef36a95f20ff7a419665d17f707f097,
        type: 3}
      propertyPath: m_LocalPosition.y
      value: 2.234
      objectReference: {fileID: 0}
    - target: {fileID: 3655311307926706881, guid: 8ef36a95f20ff7a419665d17f707f097,
        type: 3}
      propertyPath: m_LocalPosition.z
      value: 7.73
      objectReference: {fileID: 0}
    - target: {fileID: 3655311307926706881, guid: 8ef36a95f20ff7a419665d17f707f097,
        type: 3}
      propertyPath: m_LocalRotation.x
      value: -0.7071068
      objectReference: {fileID: 0}
    - target: {fileID: 3655311307926706881, guid: 8ef36a95f20ff7a419665d17f707f097,
        type: 3}
      propertyPath: m_LocalRotation.y
      value: 0
      objectReference: {fileID: 0}
    - target: {fileID: 3655311307926706881, guid: 8ef36a95f20ff7a419665d17f707f097,
        type: 3}
      propertyPath: m_LocalRotation.z
      value: -0
      objectReference: {fileID: 0}
    - target: {fileID: 3655311307926706881, guid: 8ef36a95f20ff7a419665d17f707f097,
        type: 3}
      propertyPath: m_LocalRotation.w
      value: 0.7071067
      objectReference: {fileID: 0}
    - target: {fileID: 3655311307926706881, guid: 8ef36a95f20ff7a419665d17f707f097,
        type: 3}
      propertyPath: m_RootOrder
      value: 1
      objectReference: {fileID: 0}
    - target: {fileID: 3655311307926706881, guid: 8ef36a95f20ff7a419665d17f707f097,
        type: 3}
      propertyPath: m_LocalEulerAnglesHint.x
      value: 0
      objectReference: {fileID: 0}
    - target: {fileID: 3655311307926706881, guid: 8ef36a95f20ff7a419665d17f707f097,
        type: 3}
      propertyPath: m_LocalEulerAnglesHint.y
      value: 0
      objectReference: {fileID: 0}
    - target: {fileID: 3655311307926706881, guid: 8ef36a95f20ff7a419665d17f707f097,
        type: 3}
      propertyPath: m_LocalEulerAnglesHint.z
      value: 0
      objectReference: {fileID: 0}
    m_RemovedComponents: []
  m_SourcePrefab: {fileID: 100100000, guid: 8ef36a95f20ff7a419665d17f707f097, type: 3}
--- !u!1001 &1297645238
PrefabInstance:
  m_ObjectHideFlags: 0
  serializedVersion: 2
  m_Modification:
    m_TransformParent: {fileID: 0}
    m_Modifications:
    - target: {fileID: 6575076082621081995, guid: 614f9f78fdc33c2429b24b1c7c2e1c6c,
        type: 3}
      propertyPath: m_Name
      value: GameplayCanvas
      objectReference: {fileID: 0}
    - target: {fileID: 6575076082621081999, guid: 614f9f78fdc33c2429b24b1c7c2e1c6c,
        type: 3}
      propertyPath: m_LocalPosition.x
      value: 0
      objectReference: {fileID: 0}
    - target: {fileID: 6575076082621081999, guid: 614f9f78fdc33c2429b24b1c7c2e1c6c,
        type: 3}
      propertyPath: m_LocalPosition.y
      value: 0
      objectReference: {fileID: 0}
    - target: {fileID: 6575076082621081999, guid: 614f9f78fdc33c2429b24b1c7c2e1c6c,
        type: 3}
      propertyPath: m_LocalPosition.z
      value: 0
      objectReference: {fileID: 0}
    - target: {fileID: 6575076082621081999, guid: 614f9f78fdc33c2429b24b1c7c2e1c6c,
        type: 3}
      propertyPath: m_LocalRotation.x
      value: 0
      objectReference: {fileID: 0}
    - target: {fileID: 6575076082621081999, guid: 614f9f78fdc33c2429b24b1c7c2e1c6c,
        type: 3}
      propertyPath: m_LocalRotation.y
      value: 0
      objectReference: {fileID: 0}
    - target: {fileID: 6575076082621081999, guid: 614f9f78fdc33c2429b24b1c7c2e1c6c,
        type: 3}
      propertyPath: m_LocalRotation.z
      value: 0
      objectReference: {fileID: 0}
    - target: {fileID: 6575076082621081999, guid: 614f9f78fdc33c2429b24b1c7c2e1c6c,
        type: 3}
      propertyPath: m_LocalRotation.w
      value: 1
      objectReference: {fileID: 0}
    - target: {fileID: 6575076082621081999, guid: 614f9f78fdc33c2429b24b1c7c2e1c6c,
        type: 3}
      propertyPath: m_RootOrder
      value: 18
      objectReference: {fileID: 0}
    - target: {fileID: 6575076082621081999, guid: 614f9f78fdc33c2429b24b1c7c2e1c6c,
        type: 3}
      propertyPath: m_LocalEulerAnglesHint.x
      value: 0
      objectReference: {fileID: 0}
    - target: {fileID: 6575076082621081999, guid: 614f9f78fdc33c2429b24b1c7c2e1c6c,
        type: 3}
      propertyPath: m_LocalEulerAnglesHint.y
      value: 0
      objectReference: {fileID: 0}
    - target: {fileID: 6575076082621081999, guid: 614f9f78fdc33c2429b24b1c7c2e1c6c,
        type: 3}
      propertyPath: m_LocalEulerAnglesHint.z
      value: 0
      objectReference: {fileID: 0}
    - target: {fileID: 6575076082621081999, guid: 614f9f78fdc33c2429b24b1c7c2e1c6c,
        type: 3}
      propertyPath: m_AnchoredPosition.x
      value: 0
      objectReference: {fileID: 0}
    - target: {fileID: 6575076082621081999, guid: 614f9f78fdc33c2429b24b1c7c2e1c6c,
        type: 3}
      propertyPath: m_AnchoredPosition.y
      value: 0
      objectReference: {fileID: 0}
    - target: {fileID: 6575076082621081999, guid: 614f9f78fdc33c2429b24b1c7c2e1c6c,
        type: 3}
      propertyPath: m_SizeDelta.x
      value: 0
      objectReference: {fileID: 0}
    - target: {fileID: 6575076082621081999, guid: 614f9f78fdc33c2429b24b1c7c2e1c6c,
        type: 3}
      propertyPath: m_SizeDelta.y
      value: 0
      objectReference: {fileID: 0}
    - target: {fileID: 6575076082621081999, guid: 614f9f78fdc33c2429b24b1c7c2e1c6c,
        type: 3}
      propertyPath: m_AnchorMin.x
      value: 0
      objectReference: {fileID: 0}
    - target: {fileID: 6575076082621081999, guid: 614f9f78fdc33c2429b24b1c7c2e1c6c,
        type: 3}
      propertyPath: m_AnchorMin.y
      value: 0
      objectReference: {fileID: 0}
    - target: {fileID: 6575076082621081999, guid: 614f9f78fdc33c2429b24b1c7c2e1c6c,
        type: 3}
      propertyPath: m_AnchorMax.x
      value: 0
      objectReference: {fileID: 0}
    - target: {fileID: 6575076082621081999, guid: 614f9f78fdc33c2429b24b1c7c2e1c6c,
        type: 3}
      propertyPath: m_AnchorMax.y
      value: 0
      objectReference: {fileID: 0}
    - target: {fileID: 6575076082621081999, guid: 614f9f78fdc33c2429b24b1c7c2e1c6c,
        type: 3}
      propertyPath: m_Pivot.x
      value: 0
      objectReference: {fileID: 0}
    - target: {fileID: 6575076082621081999, guid: 614f9f78fdc33c2429b24b1c7c2e1c6c,
        type: 3}
      propertyPath: m_Pivot.y
      value: 0
      objectReference: {fileID: 0}
    m_RemovedComponents: []
  m_SourcePrefab: {fileID: 100100000, guid: 614f9f78fdc33c2429b24b1c7c2e1c6c, type: 3}
--- !u!1 &1513832924 stripped
GameObject:
  m_CorrespondingSourceObject: {fileID: 3913404896357518336, guid: f0f503202954f1344b06fc661f1c4a75,
    type: 3}
  m_PrefabInstance: {fileID: 1569006944}
  m_PrefabAsset: {fileID: 0}
--- !u!114 &1513832926
MonoBehaviour:
  m_ObjectHideFlags: 0
  m_CorrespondingSourceObject: {fileID: 0}
  m_PrefabInstance: {fileID: 0}
  m_PrefabAsset: {fileID: 0}
  m_GameObject: {fileID: 1513832924}
  m_Enabled: 1
  m_EditorHideFlags: 0
  m_Script: {fileID: 11500000, guid: b5fbdc344fa736d44b759f75adef2028, type: 3}
  m_Name: 
  m_EditorClassIdentifier: 
--- !u!1001 &1537194390
PrefabInstance:
  m_ObjectHideFlags: 0
  serializedVersion: 2
  m_Modification:
    m_TransformParent: {fileID: 0}
    m_Modifications:
    - target: {fileID: 5749191854587411, guid: f0f503202954f1344b06fc661f1c4a75, type: 3}
      propertyPath: m_LocalPosition.x
      value: 10.51
      objectReference: {fileID: 0}
    - target: {fileID: 1549750768218003085, guid: f0f503202954f1344b06fc661f1c4a75,
        type: 3}
      propertyPath: m_LocalPosition.x
      value: -6.97
      objectReference: {fileID: 0}
    - target: {fileID: 2073258743114456501, guid: f0f503202954f1344b06fc661f1c4a75,
        type: 3}
      propertyPath: m_Name
      value: Trap
      objectReference: {fileID: 0}
    - target: {fileID: 2268088818535811279, guid: f0f503202954f1344b06fc661f1c4a75,
        type: 3}
      propertyPath: m_LocalScale.x
      value: 472.4
      objectReference: {fileID: 0}
    - target: {fileID: 2268088818535811279, guid: f0f503202954f1344b06fc661f1c4a75,
        type: 3}
      propertyPath: m_LocalPosition.x
      value: -6.96
      objectReference: {fileID: 0}
    - target: {fileID: 6738248727049410633, guid: f0f503202954f1344b06fc661f1c4a75,
        type: 3}
      propertyPath: m_Size.x
      value: 18.4
      objectReference: {fileID: 0}
    - target: {fileID: 6738248727049410633, guid: f0f503202954f1344b06fc661f1c4a75,
        type: 3}
      propertyPath: m_Center.x
      value: 1.61
      objectReference: {fileID: 0}
    - target: {fileID: 8424869221566341101, guid: f0f503202954f1344b06fc661f1c4a75,
        type: 3}
      propertyPath: m_LocalPosition.x
      value: -10.793374
      objectReference: {fileID: 0}
    - target: {fileID: 8424869221566341101, guid: f0f503202954f1344b06fc661f1c4a75,
        type: 3}
      propertyPath: m_LocalPosition.y
      value: 0.84
      objectReference: {fileID: 0}
    - target: {fileID: 8424869221566341101, guid: f0f503202954f1344b06fc661f1c4a75,
        type: 3}
      propertyPath: m_LocalPosition.z
      value: 4.92
      objectReference: {fileID: 0}
    - target: {fileID: 8424869221566341101, guid: f0f503202954f1344b06fc661f1c4a75,
        type: 3}
      propertyPath: m_LocalRotation.x
      value: 0
      objectReference: {fileID: 0}
    - target: {fileID: 8424869221566341101, guid: f0f503202954f1344b06fc661f1c4a75,
        type: 3}
      propertyPath: m_LocalRotation.y
      value: 0
      objectReference: {fileID: 0}
    - target: {fileID: 8424869221566341101, guid: f0f503202954f1344b06fc661f1c4a75,
        type: 3}
      propertyPath: m_LocalRotation.z
      value: 0
      objectReference: {fileID: 0}
    - target: {fileID: 8424869221566341101, guid: f0f503202954f1344b06fc661f1c4a75,
        type: 3}
      propertyPath: m_LocalRotation.w
      value: 1
      objectReference: {fileID: 0}
    - target: {fileID: 8424869221566341101, guid: f0f503202954f1344b06fc661f1c4a75,
        type: 3}
      propertyPath: m_RootOrder
      value: 11
      objectReference: {fileID: 0}
    - target: {fileID: 8424869221566341101, guid: f0f503202954f1344b06fc661f1c4a75,
        type: 3}
      propertyPath: m_LocalEulerAnglesHint.x
      value: 0
      objectReference: {fileID: 0}
    - target: {fileID: 8424869221566341101, guid: f0f503202954f1344b06fc661f1c4a75,
        type: 3}
      propertyPath: m_LocalEulerAnglesHint.y
      value: 0
      objectReference: {fileID: 0}
    - target: {fileID: 8424869221566341101, guid: f0f503202954f1344b06fc661f1c4a75,
        type: 3}
      propertyPath: m_LocalEulerAnglesHint.z
      value: 0
      objectReference: {fileID: 0}
    m_RemovedComponents: []
  m_SourcePrefab: {fileID: 100100000, guid: f0f503202954f1344b06fc661f1c4a75, type: 3}
--- !u!1 &1537194391 stripped
GameObject:
  m_CorrespondingSourceObject: {fileID: 2583531011011978398, guid: f0f503202954f1344b06fc661f1c4a75,
    type: 3}
  m_PrefabInstance: {fileID: 1537194390}
  m_PrefabAsset: {fileID: 0}
--- !u!1 &1537194392 stripped
GameObject:
  m_CorrespondingSourceObject: {fileID: 3913404896357518336, guid: f0f503202954f1344b06fc661f1c4a75,
    type: 3}
  m_PrefabInstance: {fileID: 1537194390}
  m_PrefabAsset: {fileID: 0}
--- !u!114 &1537194393
MonoBehaviour:
  m_ObjectHideFlags: 0
  m_CorrespondingSourceObject: {fileID: 0}
  m_PrefabInstance: {fileID: 0}
  m_PrefabAsset: {fileID: 0}
  m_GameObject: {fileID: 1537194391}
  m_Enabled: 1
  m_EditorHideFlags: 0
  m_Script: {fileID: 11500000, guid: b5fbdc344fa736d44b759f75adef2028, type: 3}
  m_Name: 
  m_EditorClassIdentifier: 
--- !u!114 &1537194394
MonoBehaviour:
  m_ObjectHideFlags: 0
  m_CorrespondingSourceObject: {fileID: 0}
  m_PrefabInstance: {fileID: 0}
  m_PrefabAsset: {fileID: 0}
  m_GameObject: {fileID: 1537194392}
  m_Enabled: 1
  m_EditorHideFlags: 0
  m_Script: {fileID: 11500000, guid: b5fbdc344fa736d44b759f75adef2028, type: 3}
  m_Name: 
  m_EditorClassIdentifier: 
--- !u!114 &1537194396
MonoBehaviour:
  m_ObjectHideFlags: 0
  m_CorrespondingSourceObject: {fileID: 0}
  m_PrefabInstance: {fileID: 0}
  m_PrefabAsset: {fileID: 0}
  m_GameObject: {fileID: 1537194391}
  m_Enabled: 1
  m_EditorHideFlags: 0
  m_Script: {fileID: 11500000, guid: bceef544f78fdae46b9de524ae888770, type: 3}
  m_Name: 
  m_EditorClassIdentifier: 
  ColliderPool: []
  GlobalKey: 0
  LocalKey1: 0
  LocalKey2: 3
  LocalKey3: 0
  isPillar: 0
  SetScale: {x: 0, y: 0, z: 0}
  StartScale: {x: 0, y: 0, z: 0}
  SpeedLerp: 7
--- !u!114 &1537194402
MonoBehaviour:
  m_ObjectHideFlags: 0
  m_CorrespondingSourceObject: {fileID: 0}
  m_PrefabInstance: {fileID: 0}
  m_PrefabAsset: {fileID: 0}
  m_GameObject: {fileID: 1537194392}
  m_Enabled: 1
  m_EditorHideFlags: 0
  m_Script: {fileID: 11500000, guid: bceef544f78fdae46b9de524ae888770, type: 3}
  m_Name: 
  m_EditorClassIdentifier: 
  ColliderPool: []
  GlobalKey: 0
  LocalKey1: 1
  LocalKey2: 2
  LocalKey3: 0
  isPillar: 0
  SetScale: {x: 0, y: 0, z: 0}
  StartScale: {x: 0, y: 0, z: 0}
  SpeedLerp: 7
--- !u!1001 &1569006944
PrefabInstance:
  m_ObjectHideFlags: 0
  serializedVersion: 2
  m_Modification:
    m_TransformParent: {fileID: 0}
    m_Modifications:
    - target: {fileID: 5749191854587411, guid: f0f503202954f1344b06fc661f1c4a75, type: 3}
      propertyPath: m_LocalPosition.x
      value: 2.41
      objectReference: {fileID: 0}
    - target: {fileID: 1549750768218003085, guid: f0f503202954f1344b06fc661f1c4a75,
        type: 3}
      propertyPath: m_LocalPosition.x
      value: -6.97
      objectReference: {fileID: 0}
    - target: {fileID: 2073258743114456501, guid: f0f503202954f1344b06fc661f1c4a75,
        type: 3}
      propertyPath: m_Name
      value: Trap (2)
      objectReference: {fileID: 0}
    - target: {fileID: 2268088818535811279, guid: f0f503202954f1344b06fc661f1c4a75,
        type: 3}
      propertyPath: m_LocalScale.x
      value: 266.94
      objectReference: {fileID: 0}
    - target: {fileID: 2268088818535811279, guid: f0f503202954f1344b06fc661f1c4a75,
        type: 3}
      propertyPath: m_LocalPosition.x
      value: -6.96
      objectReference: {fileID: 0}
    - target: {fileID: 5135725704327784513, guid: f0f503202954f1344b06fc661f1c4a75,
        type: 3}
      propertyPath: m_Enabled
      value: 1
      objectReference: {fileID: 0}
    - target: {fileID: 6738248727049410633, guid: f0f503202954f1344b06fc661f1c4a75,
        type: 3}
      propertyPath: m_Size.x
      value: 10.356445
      objectReference: {fileID: 0}
    - target: {fileID: 6738248727049410633, guid: f0f503202954f1344b06fc661f1c4a75,
        type: 3}
      propertyPath: m_Center.x
      value: -2.4117727
      objectReference: {fileID: 0}
    - target: {fileID: 8424869221566341101, guid: f0f503202954f1344b06fc661f1c4a75,
        type: 3}
      propertyPath: m_LocalPosition.x
      value: -10.793374
      objectReference: {fileID: 0}
    - target: {fileID: 8424869221566341101, guid: f0f503202954f1344b06fc661f1c4a75,
        type: 3}
      propertyPath: m_LocalPosition.y
      value: 0.43
      objectReference: {fileID: 0}
    - target: {fileID: 8424869221566341101, guid: f0f503202954f1344b06fc661f1c4a75,
        type: 3}
      propertyPath: m_LocalPosition.z
      value: 8.17
      objectReference: {fileID: 0}
    - target: {fileID: 8424869221566341101, guid: f0f503202954f1344b06fc661f1c4a75,
        type: 3}
      propertyPath: m_LocalRotation.x
      value: 0
      objectReference: {fileID: 0}
    - target: {fileID: 8424869221566341101, guid: f0f503202954f1344b06fc661f1c4a75,
        type: 3}
      propertyPath: m_LocalRotation.y
      value: 0
      objectReference: {fileID: 0}
    - target: {fileID: 8424869221566341101, guid: f0f503202954f1344b06fc661f1c4a75,
        type: 3}
      propertyPath: m_LocalRotation.z
      value: 0
      objectReference: {fileID: 0}
    - target: {fileID: 8424869221566341101, guid: f0f503202954f1344b06fc661f1c4a75,
        type: 3}
      propertyPath: m_LocalRotation.w
      value: 1
      objectReference: {fileID: 0}
    - target: {fileID: 8424869221566341101, guid: f0f503202954f1344b06fc661f1c4a75,
        type: 3}
      propertyPath: m_RootOrder
      value: 14
      objectReference: {fileID: 0}
    - target: {fileID: 8424869221566341101, guid: f0f503202954f1344b06fc661f1c4a75,
        type: 3}
      propertyPath: m_LocalEulerAnglesHint.x
      value: 0
      objectReference: {fileID: 0}
    - target: {fileID: 8424869221566341101, guid: f0f503202954f1344b06fc661f1c4a75,
        type: 3}
      propertyPath: m_LocalEulerAnglesHint.y
      value: 0
      objectReference: {fileID: 0}
    - target: {fileID: 8424869221566341101, guid: f0f503202954f1344b06fc661f1c4a75,
        type: 3}
      propertyPath: m_LocalEulerAnglesHint.z
      value: 0
      objectReference: {fileID: 0}
    m_RemovedComponents: []
  m_SourcePrefab: {fileID: 100100000, guid: f0f503202954f1344b06fc661f1c4a75, type: 3}
--- !u!1 &1590626744 stripped
GameObject:
  m_CorrespondingSourceObject: {fileID: 1275986412046152337, guid: d975dc8f0b444e84cb3d61e84a6c3638,
    type: 3}
  m_PrefabInstance: {fileID: 439423938}
  m_PrefabAsset: {fileID: 0}
--- !u!65 &1590626748
BoxCollider:
  m_ObjectHideFlags: 0
  m_CorrespondingSourceObject: {fileID: 0}
  m_PrefabInstance: {fileID: 0}
  m_PrefabAsset: {fileID: 0}
  m_GameObject: {fileID: 1590626744}
  m_Material: {fileID: 0}
  m_IsTrigger: 0
  m_Enabled: 1
  serializedVersion: 2
  m_Size: {x: 0.022602046, y: 0.022568235, z: 0.022564312}
  m_Center: {x: -0.000030528754, y: 0, z: 0.011282156}
--- !u!1001 &1617096287
PrefabInstance:
  m_ObjectHideFlags: 0
  serializedVersion: 2
  m_Modification:
    m_TransformParent: {fileID: 0}
    m_Modifications:
    - target: {fileID: 6446215915720615782, guid: b4848733a1fdd734f837b37e5dc8245e,
        type: 3}
      propertyPath: m_LocalPosition.x
      value: -7.05
      objectReference: {fileID: 0}
    - target: {fileID: 6446215915720615782, guid: b4848733a1fdd734f837b37e5dc8245e,
        type: 3}
      propertyPath: m_LocalPosition.y
      value: 2.3
      objectReference: {fileID: 0}
    - target: {fileID: 6446215915720615782, guid: b4848733a1fdd734f837b37e5dc8245e,
        type: 3}
      propertyPath: m_LocalPosition.z
      value: 8.13
      objectReference: {fileID: 0}
    - target: {fileID: 6446215915720615782, guid: b4848733a1fdd734f837b37e5dc8245e,
        type: 3}
      propertyPath: m_LocalRotation.x
      value: -0.7071068
      objectReference: {fileID: 0}
    - target: {fileID: 6446215915720615782, guid: b4848733a1fdd734f837b37e5dc8245e,
        type: 3}
      propertyPath: m_LocalRotation.y
      value: 0
      objectReference: {fileID: 0}
    - target: {fileID: 6446215915720615782, guid: b4848733a1fdd734f837b37e5dc8245e,
        type: 3}
      propertyPath: m_LocalRotation.z
      value: 0
      objectReference: {fileID: 0}
    - target: {fileID: 6446215915720615782, guid: b4848733a1fdd734f837b37e5dc8245e,
        type: 3}
      propertyPath: m_LocalRotation.w
      value: 0.7071068
      objectReference: {fileID: 0}
    - target: {fileID: 6446215915720615782, guid: b4848733a1fdd734f837b37e5dc8245e,
        type: 3}
      propertyPath: m_RootOrder
      value: 3
      objectReference: {fileID: 0}
    - target: {fileID: 6446215915720615782, guid: b4848733a1fdd734f837b37e5dc8245e,
        type: 3}
      propertyPath: m_LocalEulerAnglesHint.x
      value: -90
      objectReference: {fileID: 0}
    - target: {fileID: 6446215915720615782, guid: b4848733a1fdd734f837b37e5dc8245e,
        type: 3}
      propertyPath: m_LocalEulerAnglesHint.y
      value: 0
      objectReference: {fileID: 0}
    - target: {fileID: 6446215915720615782, guid: b4848733a1fdd734f837b37e5dc8245e,
        type: 3}
      propertyPath: m_LocalEulerAnglesHint.z
      value: 0
      objectReference: {fileID: 0}
    - target: {fileID: 8011577045344179573, guid: b4848733a1fdd734f837b37e5dc8245e,
        type: 3}
      propertyPath: m_Name
      value: target_wall
      objectReference: {fileID: 0}
    - target: {fileID: 8011577045344179573, guid: b4848733a1fdd734f837b37e5dc8245e,
        type: 3}
      propertyPath: m_IsActive
      value: 0
      objectReference: {fileID: 0}
    m_RemovedComponents: []
  m_SourcePrefab: {fileID: 100100000, guid: b4848733a1fdd734f837b37e5dc8245e, type: 3}
--- !u!1001 &1712090267
PrefabInstance:
  m_ObjectHideFlags: 0
  serializedVersion: 2
  m_Modification:
    m_TransformParent: {fileID: 0}
    m_Modifications:
    - target: {fileID: 5749191854587411, guid: f0f503202954f1344b06fc661f1c4a75, type: 3}
      propertyPath: m_LocalPosition.x
      value: 6.47
      objectReference: {fileID: 0}
    - target: {fileID: 1549750768218003085, guid: f0f503202954f1344b06fc661f1c4a75,
        type: 3}
      propertyPath: m_LocalPosition.x
      value: -6.97
      objectReference: {fileID: 0}
    - target: {fileID: 2073258743114456501, guid: f0f503202954f1344b06fc661f1c4a75,
        type: 3}
      propertyPath: m_Name
      value: Trap (4)
      objectReference: {fileID: 0}
    - target: {fileID: 2268088818535811279, guid: f0f503202954f1344b06fc661f1c4a75,
        type: 3}
      propertyPath: m_LocalScale.x
      value: 354.19815
      objectReference: {fileID: 0}
    - target: {fileID: 2268088818535811279, guid: f0f503202954f1344b06fc661f1c4a75,
        type: 3}
      propertyPath: m_LocalPosition.x
      value: -6.84
      objectReference: {fileID: 0}
    - target: {fileID: 6738248727049410633, guid: f0f503202954f1344b06fc661f1c4a75,
        type: 3}
      propertyPath: m_Size.x
      value: 18.4
      objectReference: {fileID: 0}
    - target: {fileID: 6738248727049410633, guid: f0f503202954f1344b06fc661f1c4a75,
        type: 3}
      propertyPath: m_Center.x
      value: 1.61
      objectReference: {fileID: 0}
    - target: {fileID: 8424869221566341101, guid: f0f503202954f1344b06fc661f1c4a75,
        type: 3}
      propertyPath: m_LocalPosition.x
      value: -10.793374
      objectReference: {fileID: 0}
    - target: {fileID: 8424869221566341101, guid: f0f503202954f1344b06fc661f1c4a75,
        type: 3}
      propertyPath: m_LocalPosition.y
      value: 0.43
      objectReference: {fileID: 0}
    - target: {fileID: 8424869221566341101, guid: f0f503202954f1344b06fc661f1c4a75,
        type: 3}
      propertyPath: m_LocalPosition.z
      value: 15.17
      objectReference: {fileID: 0}
    - target: {fileID: 8424869221566341101, guid: f0f503202954f1344b06fc661f1c4a75,
        type: 3}
      propertyPath: m_LocalRotation.x
      value: 0
      objectReference: {fileID: 0}
    - target: {fileID: 8424869221566341101, guid: f0f503202954f1344b06fc661f1c4a75,
        type: 3}
      propertyPath: m_LocalRotation.y
      value: 0
      objectReference: {fileID: 0}
    - target: {fileID: 8424869221566341101, guid: f0f503202954f1344b06fc661f1c4a75,
        type: 3}
      propertyPath: m_LocalRotation.z
      value: 0
      objectReference: {fileID: 0}
    - target: {fileID: 8424869221566341101, guid: f0f503202954f1344b06fc661f1c4a75,
        type: 3}
      propertyPath: m_LocalRotation.w
      value: 1
      objectReference: {fileID: 0}
    - target: {fileID: 8424869221566341101, guid: f0f503202954f1344b06fc661f1c4a75,
        type: 3}
      propertyPath: m_RootOrder
      value: 17
      objectReference: {fileID: 0}
    - target: {fileID: 8424869221566341101, guid: f0f503202954f1344b06fc661f1c4a75,
        type: 3}
      propertyPath: m_LocalEulerAnglesHint.x
      value: 0
      objectReference: {fileID: 0}
    - target: {fileID: 8424869221566341101, guid: f0f503202954f1344b06fc661f1c4a75,
        type: 3}
      propertyPath: m_LocalEulerAnglesHint.y
      value: 0
      objectReference: {fileID: 0}
    - target: {fileID: 8424869221566341101, guid: f0f503202954f1344b06fc661f1c4a75,
        type: 3}
      propertyPath: m_LocalEulerAnglesHint.z
      value: 0
      objectReference: {fileID: 0}
    m_RemovedComponents: []
  m_SourcePrefab: {fileID: 100100000, guid: f0f503202954f1344b06fc661f1c4a75, type: 3}
--- !u!1001 &1730190531
PrefabInstance:
  m_ObjectHideFlags: 0
  serializedVersion: 2
  m_Modification:
    m_TransformParent: {fileID: 0}
    m_Modifications:
    - target: {fileID: 8947478099798191856, guid: 39aea982ceca249428f6acc921b83283,
        type: 3}
      propertyPath: m_LocalPosition.x
      value: -8.9987
      objectReference: {fileID: 0}
    - target: {fileID: 8947478099798191856, guid: 39aea982ceca249428f6acc921b83283,
        type: 3}
      propertyPath: m_LocalPosition.y
      value: 0
      objectReference: {fileID: 0}
    - target: {fileID: 8947478099798191856, guid: 39aea982ceca249428f6acc921b83283,
        type: 3}
      propertyPath: m_LocalPosition.z
      value: 8.9987
      objectReference: {fileID: 0}
    - target: {fileID: 8947478099798191856, guid: 39aea982ceca249428f6acc921b83283,
        type: 3}
      propertyPath: m_LocalRotation.x
      value: 0
      objectReference: {fileID: 0}
    - target: {fileID: 8947478099798191856, guid: 39aea982ceca249428f6acc921b83283,
        type: 3}
      propertyPath: m_LocalRotation.y
      value: 0
      objectReference: {fileID: 0}
    - target: {fileID: 8947478099798191856, guid: 39aea982ceca249428f6acc921b83283,
        type: 3}
      propertyPath: m_LocalRotation.z
      value: 0
      objectReference: {fileID: 0}
    - target: {fileID: 8947478099798191856, guid: 39aea982ceca249428f6acc921b83283,
        type: 3}
      propertyPath: m_LocalRotation.w
      value: 1
      objectReference: {fileID: 0}
    - target: {fileID: 8947478099798191856, guid: 39aea982ceca249428f6acc921b83283,
        type: 3}
      propertyPath: m_RootOrder
      value: 9
      objectReference: {fileID: 0}
    - target: {fileID: 8947478099798191856, guid: 39aea982ceca249428f6acc921b83283,
        type: 3}
      propertyPath: m_LocalEulerAnglesHint.x
      value: 0
      objectReference: {fileID: 0}
    - target: {fileID: 8947478099798191856, guid: 39aea982ceca249428f6acc921b83283,
        type: 3}
      propertyPath: m_LocalEulerAnglesHint.y
      value: 0
      objectReference: {fileID: 0}
    - target: {fileID: 8947478099798191856, guid: 39aea982ceca249428f6acc921b83283,
        type: 3}
      propertyPath: m_LocalEulerAnglesHint.z
      value: 0
      objectReference: {fileID: 0}
    - target: {fileID: 8947478099798191858, guid: 39aea982ceca249428f6acc921b83283,
        type: 3}
      propertyPath: m_Name
      value: CameraRig
      objectReference: {fileID: 0}
    - target: {fileID: 8947478100137681489, guid: 39aea982ceca249428f6acc921b83283,
        type: 3}
      propertyPath: m_BackGroundColor.r
      value: 0.1882353
      objectReference: {fileID: 0}
    - target: {fileID: 8947478100137681489, guid: 39aea982ceca249428f6acc921b83283,
        type: 3}
      propertyPath: m_BackGroundColor.g
      value: 0.2
      objectReference: {fileID: 0}
    - target: {fileID: 8947478100137681489, guid: 39aea982ceca249428f6acc921b83283,
        type: 3}
      propertyPath: m_BackGroundColor.b
      value: 0.21568628
      objectReference: {fileID: 0}
    m_RemovedComponents: []
  m_SourcePrefab: {fileID: 100100000, guid: 39aea982ceca249428f6acc921b83283, type: 3}
--- !u!1001 &1803421001
PrefabInstance:
  m_ObjectHideFlags: 0
  serializedVersion: 2
  m_Modification:
    m_TransformParent: {fileID: 0}
    m_Modifications:
    - target: {fileID: 5749191854587411, guid: f0f503202954f1344b06fc661f1c4a75, type: 3}
      propertyPath: m_LocalPosition.x
      value: -0.49
      objectReference: {fileID: 0}
    - target: {fileID: 5749191854587411, guid: f0f503202954f1344b06fc661f1c4a75, type: 3}
      propertyPath: m_LocalPosition.z
      value: -0
      objectReference: {fileID: 0}
    - target: {fileID: 1549750768218003085, guid: f0f503202954f1344b06fc661f1c4a75,
        type: 3}
      propertyPath: m_LocalPosition.x
      value: -6.97
      objectReference: {fileID: 0}
    - target: {fileID: 2073258743114456501, guid: f0f503202954f1344b06fc661f1c4a75,
        type: 3}
      propertyPath: m_Name
      value: Trap (3)
      objectReference: {fileID: 0}
    - target: {fileID: 2268088818535811279, guid: f0f503202954f1344b06fc661f1c4a75,
        type: 3}
      propertyPath: m_LocalScale.x
      value: 180.5
      objectReference: {fileID: 0}
    - target: {fileID: 2268088818535811279, guid: f0f503202954f1344b06fc661f1c4a75,
        type: 3}
      propertyPath: m_LocalPosition.x
      value: -6.96
      objectReference: {fileID: 0}
    - target: {fileID: 5135725704327784513, guid: f0f503202954f1344b06fc661f1c4a75,
        type: 3}
      propertyPath: m_Enabled
      value: 1
      objectReference: {fileID: 0}
    - target: {fileID: 6738248727049410633, guid: f0f503202954f1344b06fc661f1c4a75,
        type: 3}
      propertyPath: m_Size.x
      value: 7.588326
      objectReference: {fileID: 0}
    - target: {fileID: 6738248727049410633, guid: f0f503202954f1344b06fc661f1c4a75,
        type: 3}
      propertyPath: m_Center.x
      value: -3.7958324
      objectReference: {fileID: 0}
    - target: {fileID: 6738248727049410633, guid: f0f503202954f1344b06fc661f1c4a75,
        type: 3}
      propertyPath: m_Center.z
      value: -2.9013826e-15
      objectReference: {fileID: 0}
    - target: {fileID: 8424869221566341101, guid: f0f503202954f1344b06fc661f1c4a75,
        type: 3}
      propertyPath: m_LocalPosition.x
      value: -7.14
      objectReference: {fileID: 0}
    - target: {fileID: 8424869221566341101, guid: f0f503202954f1344b06fc661f1c4a75,
        type: 3}
      propertyPath: m_LocalPosition.y
      value: 0.79
      objectReference: {fileID: 0}
    - target: {fileID: 8424869221566341101, guid: f0f503202954f1344b06fc661f1c4a75,
        type: 3}
      propertyPath: m_LocalPosition.z
      value: -0.23
      objectReference: {fileID: 0}
    - target: {fileID: 8424869221566341101, guid: f0f503202954f1344b06fc661f1c4a75,
        type: 3}
      propertyPath: m_LocalRotation.x
      value: 0
      objectReference: {fileID: 0}
    - target: {fileID: 8424869221566341101, guid: f0f503202954f1344b06fc661f1c4a75,
        type: 3}
      propertyPath: m_LocalRotation.y
      value: 0.7071068
      objectReference: {fileID: 0}
    - target: {fileID: 8424869221566341101, guid: f0f503202954f1344b06fc661f1c4a75,
        type: 3}
      propertyPath: m_LocalRotation.z
      value: 0
      objectReference: {fileID: 0}
    - target: {fileID: 8424869221566341101, guid: f0f503202954f1344b06fc661f1c4a75,
        type: 3}
      propertyPath: m_LocalRotation.w
      value: 0.7071068
      objectReference: {fileID: 0}
    - target: {fileID: 8424869221566341101, guid: f0f503202954f1344b06fc661f1c4a75,
        type: 3}
      propertyPath: m_RootOrder
      value: 15
      objectReference: {fileID: 0}
    - target: {fileID: 8424869221566341101, guid: f0f503202954f1344b06fc661f1c4a75,
        type: 3}
      propertyPath: m_LocalEulerAnglesHint.x
      value: 0
      objectReference: {fileID: 0}
    - target: {fileID: 8424869221566341101, guid: f0f503202954f1344b06fc661f1c4a75,
        type: 3}
      propertyPath: m_LocalEulerAnglesHint.y
      value: 90
      objectReference: {fileID: 0}
    - target: {fileID: 8424869221566341101, guid: f0f503202954f1344b06fc661f1c4a75,
        type: 3}
      propertyPath: m_LocalEulerAnglesHint.z
      value: 0
      objectReference: {fileID: 0}
    m_RemovedComponents: []
  m_SourcePrefab: {fileID: 100100000, guid: f0f503202954f1344b06fc661f1c4a75, type: 3}
--- !u!1001 &1804685993
PrefabInstance:
  m_ObjectHideFlags: 0
  serializedVersion: 2
  m_Modification:
    m_TransformParent: {fileID: 0}
    m_Modifications:
    - target: {fileID: 4669370384933962476, guid: d74b5f757b6fe224db2aaea856c2f512,
        type: 3}
      propertyPath: m_Name
      value: floor
      objectReference: {fileID: 0}
    - target: {fileID: 8545499447711314175, guid: d74b5f757b6fe224db2aaea856c2f512,
        type: 3}
      propertyPath: m_LocalPosition.x
      value: -0.000026703
      objectReference: {fileID: 0}
    - target: {fileID: 8545499447711314175, guid: d74b5f757b6fe224db2aaea856c2f512,
        type: 3}
      propertyPath: m_LocalPosition.y
      value: -0.0074787
      objectReference: {fileID: 0}
    - target: {fileID: 8545499447711314175, guid: d74b5f757b6fe224db2aaea856c2f512,
        type: 3}
      propertyPath: m_LocalPosition.z
      value: 0.00030053
      objectReference: {fileID: 0}
    - target: {fileID: 8545499447711314175, guid: d74b5f757b6fe224db2aaea856c2f512,
        type: 3}
      propertyPath: m_LocalRotation.x
      value: -0.7071068
      objectReference: {fileID: 0}
    - target: {fileID: 8545499447711314175, guid: d74b5f757b6fe224db2aaea856c2f512,
        type: 3}
      propertyPath: m_LocalRotation.y
      value: 0
      objectReference: {fileID: 0}
    - target: {fileID: 8545499447711314175, guid: d74b5f757b6fe224db2aaea856c2f512,
        type: 3}
      propertyPath: m_LocalRotation.z
      value: -0
      objectReference: {fileID: 0}
    - target: {fileID: 8545499447711314175, guid: d74b5f757b6fe224db2aaea856c2f512,
        type: 3}
      propertyPath: m_LocalRotation.w
      value: 0.7071067
      objectReference: {fileID: 0}
    - target: {fileID: 8545499447711314175, guid: d74b5f757b6fe224db2aaea856c2f512,
        type: 3}
      propertyPath: m_RootOrder
      value: 6
      objectReference: {fileID: 0}
    - target: {fileID: 8545499447711314175, guid: d74b5f757b6fe224db2aaea856c2f512,
        type: 3}
      propertyPath: m_LocalEulerAnglesHint.x
      value: 0
      objectReference: {fileID: 0}
    - target: {fileID: 8545499447711314175, guid: d74b5f757b6fe224db2aaea856c2f512,
        type: 3}
      propertyPath: m_LocalEulerAnglesHint.y
      value: 0
      objectReference: {fileID: 0}
    - target: {fileID: 8545499447711314175, guid: d74b5f757b6fe224db2aaea856c2f512,
        type: 3}
      propertyPath: m_LocalEulerAnglesHint.z
      value: 0
      objectReference: {fileID: 0}
    m_RemovedComponents: []
  m_SourcePrefab: {fileID: 100100000, guid: d74b5f757b6fe224db2aaea856c2f512, type: 3}
--- !u!1001 &1898443022
PrefabInstance:
  m_ObjectHideFlags: 0
  serializedVersion: 2
  m_Modification:
    m_TransformParent: {fileID: 0}
    m_Modifications:
    - target: {fileID: 4519541146279962617, guid: e10181ec915b1864d930872734d88b59,
        type: 3}
      propertyPath: m_LocalPosition.x
      value: 0
      objectReference: {fileID: 0}
    - target: {fileID: 4519541146279962617, guid: e10181ec915b1864d930872734d88b59,
        type: 3}
      propertyPath: m_LocalPosition.y
      value: 0
      objectReference: {fileID: 0}
    - target: {fileID: 4519541146279962617, guid: e10181ec915b1864d930872734d88b59,
        type: 3}
      propertyPath: m_LocalPosition.z
      value: 0
      objectReference: {fileID: 0}
    - target: {fileID: 4519541146279962617, guid: e10181ec915b1864d930872734d88b59,
        type: 3}
      propertyPath: m_LocalRotation.x
      value: 0
      objectReference: {fileID: 0}
    - target: {fileID: 4519541146279962617, guid: e10181ec915b1864d930872734d88b59,
        type: 3}
      propertyPath: m_LocalRotation.y
      value: 0
      objectReference: {fileID: 0}
    - target: {fileID: 4519541146279962617, guid: e10181ec915b1864d930872734d88b59,
        type: 3}
      propertyPath: m_LocalRotation.z
      value: 0
      objectReference: {fileID: 0}
    - target: {fileID: 4519541146279962617, guid: e10181ec915b1864d930872734d88b59,
        type: 3}
      propertyPath: m_LocalRotation.w
      value: 1
      objectReference: {fileID: 0}
    - target: {fileID: 4519541146279962617, guid: e10181ec915b1864d930872734d88b59,
        type: 3}
      propertyPath: m_RootOrder
      value: 13
      objectReference: {fileID: 0}
    - target: {fileID: 4519541146279962617, guid: e10181ec915b1864d930872734d88b59,
        type: 3}
      propertyPath: m_LocalEulerAnglesHint.x
      value: 0
      objectReference: {fileID: 0}
    - target: {fileID: 4519541146279962617, guid: e10181ec915b1864d930872734d88b59,
        type: 3}
      propertyPath: m_LocalEulerAnglesHint.y
      value: 0
      objectReference: {fileID: 0}
    - target: {fileID: 4519541146279962617, guid: e10181ec915b1864d930872734d88b59,
        type: 3}
      propertyPath: m_LocalEulerAnglesHint.z
      value: 0
      objectReference: {fileID: 0}
    - target: {fileID: 4519541146279962622, guid: e10181ec915b1864d930872734d88b59,
        type: 3}
      propertyPath: m_Name
      value: Throw Machine
      objectReference: {fileID: 0}
    - target: {fileID: 4830961529200638862, guid: e10181ec915b1864d930872734d88b59,
        type: 3}
      propertyPath: stoneAmount
      value: 4
      objectReference: {fileID: 0}
    m_RemovedComponents: []
  m_SourcePrefab: {fileID: 100100000, guid: e10181ec915b1864d930872734d88b59, type: 3}
--- !u!1001 &1941010326
PrefabInstance:
  m_ObjectHideFlags: 0
  serializedVersion: 2
  m_Modification:
    m_TransformParent: {fileID: 0}
    m_Modifications:
    - target: {fileID: 6117820614103938686, guid: 615b6557d8f1ec84080a924ad04fdc7f,
        type: 3}
      propertyPath: m_Name
      value: WallGroup
      objectReference: {fileID: 0}
    - target: {fileID: 6998883404505289778, guid: 615b6557d8f1ec84080a924ad04fdc7f,
        type: 3}
      propertyPath: m_LocalPosition.x
      value: -9.8428
      objectReference: {fileID: 0}
    - target: {fileID: 6998883404505289778, guid: 615b6557d8f1ec84080a924ad04fdc7f,
        type: 3}
      propertyPath: m_LocalPosition.y
      value: 12.43
      objectReference: {fileID: 0}
    - target: {fileID: 6998883404505289778, guid: 615b6557d8f1ec84080a924ad04fdc7f,
        type: 3}
      propertyPath: m_LocalPosition.z
      value: 1.7503
      objectReference: {fileID: 0}
    - target: {fileID: 6998883404505289778, guid: 615b6557d8f1ec84080a924ad04fdc7f,
        type: 3}
      propertyPath: m_LocalRotation.x
      value: 0
      objectReference: {fileID: 0}
    - target: {fileID: 6998883404505289778, guid: 615b6557d8f1ec84080a924ad04fdc7f,
        type: 3}
      propertyPath: m_LocalRotation.y
      value: 0
      objectReference: {fileID: 0}
    - target: {fileID: 6998883404505289778, guid: 615b6557d8f1ec84080a924ad04fdc7f,
        type: 3}
      propertyPath: m_LocalRotation.z
      value: 0
      objectReference: {fileID: 0}
    - target: {fileID: 6998883404505289778, guid: 615b6557d8f1ec84080a924ad04fdc7f,
        type: 3}
      propertyPath: m_LocalRotation.w
      value: 1
      objectReference: {fileID: 0}
    - target: {fileID: 6998883404505289778, guid: 615b6557d8f1ec84080a924ad04fdc7f,
        type: 3}
      propertyPath: m_RootOrder
      value: 10
      objectReference: {fileID: 0}
    - target: {fileID: 6998883404505289778, guid: 615b6557d8f1ec84080a924ad04fdc7f,
        type: 3}
      propertyPath: m_LocalEulerAnglesHint.x
      value: 0
      objectReference: {fileID: 0}
    - target: {fileID: 6998883404505289778, guid: 615b6557d8f1ec84080a924ad04fdc7f,
        type: 3}
      propertyPath: m_LocalEulerAnglesHint.y
      value: 0
      objectReference: {fileID: 0}
    - target: {fileID: 6998883404505289778, guid: 615b6557d8f1ec84080a924ad04fdc7f,
        type: 3}
      propertyPath: m_LocalEulerAnglesHint.z
      value: 0
      objectReference: {fileID: 0}
    m_RemovedComponents: []
  m_SourcePrefab: {fileID: 100100000, guid: 615b6557d8f1ec84080a924ad04fdc7f, type: 3}
